 Dungeon Crawl Stone Soup version 0.17.1-3-g152610e (webtiles) character file.

111 moxian the Charmwright (level 4, -2/30 HPs)
             Began as a High Elf Skald on Apr 17, 2016.
             Was a Follower of Sif Muna.
             Succumbed to kobold's curare-tipped needle
             ... on level 3 of the Dungeon.
             The game lasted 00:10:29 (2156 turns).

moxian the Charmwright (High Elf Skald)             Turns: 2156, Time: 00:10:30

Health: -2/30      AC:  4    Str: 11    XL:     4   Next: 62%
Magic:  9/9        EV: 17    Int: 20    God:    Sif Muna [*.....]
Gold:   150        SH:  0    Dex: 21    Spells: 2 memorised, 6 levels left

rFire  . . .     SeeInvis .     a - +0 falchion
rCold  . . .     Clarity  .     b - +0 leather armour
rNeg   + . .     SustAt   .     (no shield)
rPois  .         Gourm    .     (no helmet)
rElec  .         Spirit   .     t - +0 cloak
rCorr  .         Warding  +     (no gloves)
rMut   .         Stasis   .     (no boots)
MR     .....                    o - amulet of warding
Stlth  +++.......               (no ring)
                                (no ring)

@: brilliant, agile, lethally poisoned (-2 -> -25), flying, slowed, very slow,
not resistant to hostile enchantments, fairly stealthy
A: no striking features
a: Channel Energy, Renounce Religion


You were on level 3 of the Dungeon.
You worshipped Sif Muna.
Sif Muna was aware of your devotion.
You were not hungry.

You visited 1 branch of the dungeon, and saw 3 of its levels.

You collected 150 gold pieces.

Inventory:

Hand Weapons
 a - a +0 falchion (weapon)
 w - a +0 short sword
 y - a +0 rapier
 A - a +0 hunting sling
Missiles
 m - 42 bolts
 s - 138 stones (quivered)
 z - 15 poisoned needles
 C - 2 tomahawks
 D - 6 javelins
Armour
 b - a +0 leather armour (worn)
 r - a +0 ring mail
 t - a +0 cloak (worn)
Jewellery
 o - an amulet of warding (around neck)
Scrolls
 f - 3 scrolls of teleportation {unknown}
 h - 3 scrolls of blinking {unknown}
 j - 5 scrolls of remove curse {unknown}
 l - 3 scrolls of identify {unknown}
 n - 2 scrolls of fog {unknown}
 q - a scroll of immolation {unknown}
 u - a scroll of enchant weapon {unknown}
 x - a scroll of noise {unknown}
Potions
 k - a potion of degeneration {unknown}
 p - a potion of curing {unknown}
 v - a potion of poison {unknown}
Books
 c - a book of Battle

   Spells                             Type                      Level
   a - Infusion                       Charms                       1
   b - Shroud of Golubria             Charms/Translocation         2
   c - Song of Slaying                Charms                       2
   d - Spectral Weapon                Hexes/Charms                 3
   e - Regeneration                   Charms/Necromancy            3
Comestibles
 d - a bread ration
 B - 2 chunks of flesh
 E - 2 meat rations


   Skills:
 + Level 2.5 Fighting
 + Level 3.1 Long Blades
 + Level 1.5 Armour
 + Level 2.1 Dodging
 + Level 0.2 Stealth
 + Level 3.0 Spellcasting
 + Level 4.7 Charms


You had 6 spell levels left.
You knew the following spells:

 Your Spells              Type           Power        Failure   Level  Hunger
a - Infusion              Chrm           ####..       1%          1    None
b - Shroud of Golubria    Chrm/Tloc      ###.......   1%          2    ##.....


Dungeon Overview and Level Annotations

Branches:
Dungeon (3/15)

Altars:
Ashenzari
Sif Muna


Message History

You see here 2 curare-tipped needles.
Drink which item? (? for menu, Esc to quit)
It was a potion of agility.
You feel agile all of a sudden.
* * * LOW HITPOINT WARNING * * *
You feel very sick.
The kobold shoots a curare-tipped needle.
The curare-tipped needle barely misses you.
Drink which item? (? for menu, Esc to quit)
It was a potion of flight.
You feel very buoyant.
You fly up into the air.
* * * LOW HITPOINT WARNING * * *
You feel very sick.
The kobold shoots a curare-tipped needle.
The curare-tipped needle barely misses you.
Drink which item? (? for menu, Esc to quit)
It was a potion of brilliance.
You feel clever all of a sudden.
You die...

#.# ## #.# ..
### #.# .# #..
##.## .# #..
#...### .# #..
#...(.##.#####.
###..
#...#..........
.....
###......K.....
##...
#.#@...######
#... #.#.####
#.## #.#.# #.
#.#.# #. #.#<#
#.## #.#.#
###... #.#..
...... #.###
###### #.# #


You could see a kobold.

Vanquished Creatures
  Natasha (thrice) (D:2)
  An adder (D:3)
  A worm (D:2)
  An orc (D:3)
  2 ball pythons
  3 giant cockroaches
  10 goblins
  5 hobgoblins
  9 jackals
  5 kobolds
  4 bats
  3 giant geckos
  5 giant newts
  6 rats
58 creatures vanquished.

Notes
Turn   | Place    | Note
--------------------------------------------------------------
     0 | D:1      | moxian the High Elf Skald began the quest for the Orb.
     0 | D:1      | Reached XP level 1. HP: 14/14 MP: 4/4
   337 | D:1      | Reached skill level 4 in Charms
   398 | D:1      | Reached XP level 2. HP: 17/19 MP: 6/6
   724 | D:2      | Found a shattered altar of Ashenzari.
   802 | D:2      | Reached skill level 1 in Armour
   901 | D:2      | Reached XP level 3. HP: 18/24 MP: 1/8
   905 | D:2      | Learned a level 2 spell: Shroud of Golubria
   925 | D:2      | Noticed Natasha
   983 | D:2      | Killed Natasha
  1023 | D:2      | Noticed Natasha
  1259 | D:2      | Killed Natasha
  1259 | D:2      | Reached XP level 4. HP: 15/30 MP: 4/9
  1497 | D:2      | Found a faded altar to an unknown god.
  1505 | D:2      | Became a worshipper of Sif Muna the Loreminder
  1505 | D:2      | Reached * piety under Sif Muna
  1573 | D:2      | Noticed Natasha
  1578 | D:2      | Killed Natasha
  2155 | D:3      | HP: 1/30 [poisoned by kobold (curare-tipped needle)]
  2156 | D:3      | Succumbed to kobold's curare-tipped needle

Action                   |  1- 3 |  4- 6 || total
-------------------------+-------+-------++-------
Melee: Falchion          |   110 |    82 ||   192
Throw: Stone             |     8 |       ||     8
 Cast: Infusion          |     9 |     4 ||    13
       Shroud of Golubri |     4 |     3 ||     7
  Use: Potion            |       |     3 ||     3
 Stab: Sleeping          |       |     1 ||     1
  Eat: Chunk             |     1 |     4 ||     5
